 Dungeon Crawl Stone Soup version 0.30-a0-23-ge60ba3568b (webtiles) character file.

Game seed: 2518128844848368742

231 Newt the Shooter (level 6, 0/36 (38) HPs)
             Began as a Kobold Hunter on Aug 24, 2022.
             Slain by a wight
             ... wielding a +0 battleaxe
              (12 damage)
             ... on level 3 of the Dungeon.
             The game lasted 00:05:59 (3358 turns).

Newt the Shooter (Kobold Hunter)                    Turns: 3358, Time: 00:05:59

HP:   0/36 (38)     AC:  3    Str:  8    XL:     6   Next: 24%
MP:   6/6           EV: 14    Int: 11    God:
Gold: 90            SH:  0    Dex: 20    Spells: 5/5 levels left

rFire   . . .      SeeInvis .    a - +1 shortbow
rCold   . . .      Faith    .    (shield currently unavailable)
rNeg    . . .      Spirit   .    c - +0 leather armour
rPois   .          Reflect  .    (no helmet)
rElec   .          Harm     .    (no cloak)
rCorr   .          Rampage  .    (no gloves)
Will    .....                    (no boots)
Stlth   +++.......               (no amulet)
HPRegen 0.12/turn                (no ring)
MPRegen 0.10/turn                (no ring)

@: drained
A: small, no large weapons, nightstalker 3
a: no special abilities


You were on level 3 of the Dungeon.
You visited 1 branch of the dungeon, and saw 3 of its levels.

You collected 90 gold pieces.

Inventory:

Hand Weapons
 a - a +1 shortbow (weapon)
 f - a +0 sling
 k - the +5 quarterstaff of the Ass {flame, Drain rCorr Str+4 Stlth+}
   (You found it on level 3 of the Dungeon)

   It burns those it strikes, dealing additional fire damage.
   Str:       It affects your strength (+4).
   rCorr:     It protects you from acid and corrosion.
   Drain:     It drains your maximum health when unequipped.
   Stlth:     It makes you more stealthy.
Armour
 c - a +0 leather armour (worn)
Jewellery
 g - an amulet of the acrobat
 j - a ring of flight
Scrolls
 d - a scroll of identify
 h - a scroll of teleportation
Potions
 b - 2 potions of degeneration {unknown}
 e - a potion of resistance {unknown}
 i - a potion of might {unknown}


   Skills:
 - Level 4.0 Fighting
 + Level 2.3 Staves
 - Level 7.0 Ranged Weapons
 - Level 2.4 Dodging
 - Level 3.0 Stealth


You had 5 spell levels left.
You didn't know any spells.
Your spell library was empty.

Dungeon Overview and Level Annotations

Branches:
Dungeon (3/15)

Altars:

Shops:
D:1 (


Innate Abilities, Weirdness & Mutations

You are small and have problems with some larger weapons.
You are completely attuned to the shadows.


Message History

j - a ring of flight A kobold comes into view.
It is wielding a +0 dagger.
The kobold moves out of view.
A kobold is nearby!
You shoot an arrow. The kobold shouts!
The arrow hits the kobold but does no damage.
You shoot an arrow. The arrow closely misses the kobold.
You shoot an arrow. The arrow misses the kobold.
You shoot an arrow. The arrow hits the kobold!
You kill the kobold!
No target in view!
You see here a +0 scale mail.
There is a stone staircase leading down here.
A wight comes into view. It is wielding a +0 battleaxe.
A wight is nearby!
You shoot an arrow.
The arrow hits the wight but does no damage.
You shoot an arrow. The arrow hits the wight!
The wight is severely damaged.
You shoot an arrow. The arrow hits the wight!
You destroy the wight!
A wight comes into view. It is wielding a +0 battleaxe.
Your Staves skill increases to level 2!
You have reached level 6!
You shoot an arrow. The arrow completely misses the wight.
You shoot an arrow. The arrow hits the wight.
The wight is lightly damaged.
A wight comes into view. It is wielding a +0 long sword.
You shoot an arrow. The arrow closely misses the wight. x2
The wight closely misses you.
Fire: a) +1 shortbow
Press: ? - help, Shift-Dir - straight line, f - wight, p - wight
Aim: a wight, wielding a +0 long sword and wearing a +0 robe (68% to hit)
You shoot an arrow. The arrow hits the wight!
The wight is heavily damaged.
The wight hits you with a +0 battleaxe!!
You feel drained. The wight attacks as you move away!
The wight hits you with a +0 battleaxe!
You die...

#.. #.. ## #.. ..### #..
#.# ...###.. #$# #.....#
#####)# #....## #...zz#
#..#.# #....@# #.##.##
#.....# ########.##...
#.....###...))...#####
#......)..########
#..............#
#######.....########.#####
##....>......# #.....###
##..[.........# #####....
#..........##.# ###..


You could see 2 wights.

Vanquished Creatures
  A wight (D:3)
  A gnoll bouda (D:3)
  Robin (D:2)
  6 gnolls (D:3)
  An adder (D:2)
  A worm (D:2)
  2 orcs (D:3)
  7 ball pythons
  2 giant cockroaches
  9 goblins
  10 hobgoblins
  3 quokkas (D:1)
  7 bats
  6 frilled lizards
  5 kobolds
  12 rats
74 creatures vanquished.

Notes
Turn   | Place    | Note
-------+----------+-------------------------------------------
     0 | D:1      | Newt the Kobold Hunter began the quest for the Orb.
     0 | D:1      | Reached XP level 1. HP: 12/12 MP: 1/1
   201 | D:1      | Reached XP level 2. HP: 14/17 MP: 2/2
   361 | D:1      | Found Nailuum's Antique Weapon Boutique.
   627 | D:1      | Reached XP level 3. HP: 21/21 MP: 3/3
   847 | D:2      | Reached skill level 6 in Ranged Weapons
  1251 | D:2      | Noticed Robin
  1281 | D:2      | Reached XP level 4. HP: 11/26 MP: 4/4
  1287 | D:2      | Killed Robin
  1606 | D:2      | Reached skill level 7 in Ranged Weapons
  1850 | D:2      | Found a faded altar of an unknown god.
  1865 | D:2      | Found a faded altar of an unknown god.
  2199 | D:3      | Reached XP level 5. HP: 29/32 MP: 5/5
  2871 | D:3      | Identified the +5 quarterstaff of the Ass {flame, Drain
                  | rCorr Str+4 Stlth+}
  2932 | D:3      | Reached skill level 1 in Staves
  2934 | D:3      | HP: 1/33 [gnoll/+0 flail[a gnoll bouda] (5)]
  3354 | D:3      | Reached XP level 6. HP: 38/38 MP: 6/6
  3358 | D:3      | Slain by a wight

Illustrated notes

Levels and vault maps discovered:
D:1:      reono_arrival_forest_river, layout_basic, serial_shops,
          nicolae_square_shop, st_stairs_14
D:2:      layout_basic, hellmonk_ecumenical_altar_the_god_not_taken,
          minmay_rat_gold_closets, uniq_robin
D:3:      layout_rooms

Skill      XL: |  1  2  3  4  5 |
---------------+----------------+-----
Stealth        | 2 3 |  3.0
Ranged Weapons | 6 7 |  7.0
Fighting       | 3 4 |  4.0
Staves         | 2 |  2.3
Dodging        | |  2.4

Action                   |  1- 3 |  4- 6 || total
-------------------------+-------+-------++-------
 Fire: Shortbow          |   101 |    96 ||   197
  Use: Scroll            |     6 |       ||     6
       Potion            |     3 |     3 ||     6
Armor: Leather armour    |    18 |     5 ||    23
Dodge: Dodged            |    42 |    31 ||    73

Table legend: (Time is in decaauts)
 A = Elapsed time spent in this place.
 B = Non-inter-level travel time spent in this place.
 C = Inter-level travel time spent in this place.
 D = Time resting spent in this place.
 E = Time spent auto-exploring this place.
 F = Levels seen in this place.
 G = Mean time per level.
                   A        B        C        D        E       F      G
               +--------+--------+--------+--------+--------+-----+--------+
         Total |   3380 |   3279 |    101 |   1025 |   1812 |   3 | 1126.7 |
       Dungeon |   3380 |   3279 |    101 |   1025 |   1812 |   3 | 1126.7 |
               +--------+--------+--------+--------+--------+-----+--------+

Top non-repeatable levels by time:
     D:2: 1666 daAuts
     D:3: 857 daAuts
     D:1: 856 daAuts
